 Dungeon Crawl Stone Soup version 0.29.1-14-g9c671dbff4 (webtiles) character file.

Game seed: 12703002072051262251

6155 tizbic2 the Skirmisher (level 10, -14/81 HPs)
             Began as a Pale Draconian Arcane Marksman on Feb 15, 2023.
             Was a Believer of Vehumet.
             Demolished by a very large slime creature (53 damage)
             ... on level 9 of the Dungeon.
             The game lasted 00:48:37 (9219 turns).

tizbic2 the Skirmisher (DrAM)                       Turns: 9219, Time: 00:48:38

Health: -14/81     AC: 16    Str: 13    XL:     10   Next: 59%
Magic:  19/21      EV: 12    Int: 14    God:    Vehumet [**....]
Gold:   528        SH:  0    Dex: 15    Spells: 17/23 levels left

rFire   + . .      SeeInvis .   w - +0 shortbow
rCold   . . .      Faith    .   (shield currently unavailable)
rNeg    . . .      Spirit   .   (body armour unavailable)
rPois   .          Reflect  .   (helmet restricted)
rElec   .          Harm     .   s - +2 cloak
rCorr   .          Rampage  .   (no gloves)
Will    .....      Clarity  +   k - +1 pair of boots
Stlth   +.........              (no amulet)
HPRegen 0.23/turn               i - +4 ring of protection
MPRegen 0.17/turn               u - ring of protection from fire

@: sluggish, short of breath, very slow
A: breathe steam, AC +7, unfitting armour, cold-blooded, steam resistance,
clarity
a: Breathe Steam, Renounce Religion


You were on level 9 of the Dungeon.
You worshipped Vehumet.
Vehumet was pleased with you.
You visited 1 branch of the dungeon, and saw 9 of its levels.

You collected 528 gold pieces.

Inventory:

Hand Weapons
 a - the +0 short sword "Risirosia" {vorpal, rF+ rN+ Will-}
   (You found it on level 2 of the Dungeon)

   It inflicts extra damage upon your enemies.
   rF:        It protects you from fire.
   rN:        It protects you from negative energy.
   Will:      It decreases your willpower.
 e - a +4 dire flail of holy wrath
 h - a +0 antimagic dagger
 j - a +2 battleaxe of freezing
 w - a +0 shortbow (weapon)
 F - a +1 sling
 K - a +3 mace of freezing
 M - a +0 spectral quarterstaff
 N - a +5 halberd
Missiles
 f - 8 poisoned darts
 n - a boomerang
 A - 2 javelins
 L - a curare-tipped dart
Armour
 k - a +1 pair of boots (worn)
 s - a +2 cloak (worn)
Magical Staves
 r - a staff of death
Jewellery
 i - a +4 ring of protection (left hand)
 u - a ring of protection from fire (right hand)
 J - a ring of fire
Wands
 p - a wand of quicksilver (22)
 t - a wand of charming (21)
 y - a wand of iceblast (31)
Scrolls
 b - 3 scrolls of poison
 B - a scroll of butterflies {unknown}
 E - 2 scrolls of amnesia
 G - 3 scrolls of teleportation
Potions
 c - 4 potions of curing
 d - 3 potions of attraction
 g - 3 potions of berserk rage
 l - a potion of magic {unknown}
 m - 3 potions of flight
 o - 3 potions of brilliance
 q - 3 potions of haste
 x - 3 potions of might
 z - 2 potions of cancellation {unknown}
 C - a potion of invisibility
 D - 6 potions of heal wounds {unknown}
 H - a potion of mutation
 I - a potion of ambrosia


   Skills:
 + Level 5.1 Fighting
 * Level 10.7 Ranged Weapons
 - Level 1.7 Dodging
 + Level 7.4 Spellcasting
 + Level 4.4 Conjurations
 - Level 2.6 Hexes
 * Level 4.4 Air Magic


You had 17 spell levels left.
You knew the following spells:

 Your Spells              Type           Power      Damage    Failure   Level
a - Slow                  Hex            48%        N/A       4%          1
b - Magic Dart            Conj           68%        1d6       2%          1
c - Swiftness             Air            17%        N/A       7%          3
d - Foxfire               Conj/Fire      44%        2x1d6     5%          1

Your spell library contained the following spells:

 Spells                   Type           Power      Damage    Failure   Level
 Dazzling Flash           Conj/Hex       30%        N/A       10%         3
 Ensorcelled Hibernation  Hex/Ice        16%        N/A       12%         2
 Passwall                 Tmut/Erth      4%         N/A       21%         2
 Inner Flame              Hex/Fire       8%         N/A       24%         3
 Portal Projectile        Hex/Tloc       16%        N/A       24%         3
 Cause Fear               Hex            6%         N/A       41%         4
 Silence                  Hex/Air        7%         N/A       65%         5
 Petrify                  Tmut/Erth      5%         N/A       80%         4
 Metabolic Englaciation   Hex/Ice        4%         N/A       91%         5
 Agony                    Necr           5%         N/A       98%         5
 Statue Form              Tmut/Erth      3%         N/A       100%        6
 Borgnjor's Revivificati  Necr           2%         N/A       100%        8
 Necromutation            Tmut/Necr      2%         N/A       100%        8
 Death's Door             Necr           2%         N/A       100%        9


Dungeon Overview and Level Annotations

Branches:
Dungeon (9/15)             Temple (0/1) D:7
   Lair: D:8-11         Orc: D:9-12

Altars:
Ashenzari
Cheibriados
Dithmenos
Makhleb
Nemelex Xobeh
Trog
Vehumet
Yredelemnul
The Shining One

Shops:
D:1 (??   D:5 [


Innate Abilities, Weirdness & Mutations

You can breathe blasts of scalding, opaque steam.
Your pale cyan-grey scales are hard. (AC +7)
You cannot fit into any form of body armour.
You are cold-blooded and may be slowed by cold attacks.
You are immune to the effects of steam.
You possess an exceptional clarity of mind.


Message History

The large slime creature hits you but does no damage.
The slime creature hits you!
Two slime creatures merge to form a very large slime creature.
Aiming: Breathe Steam (1% risk of failure)
Press: ? - help, Shift-Dir - straight line, f - very large slime creature
Aim: a very large slime creature (heavily wounded, 94% to hit)
You exhale a blast of scalding steam.
The large slime creature is engulfed in a cloud of scalding steam.
Your +2 battleaxe of freezing stops glowing.
w - a +0 shortbow (weapon)
Fire: w) +0 shortbow
Press: ? - help, Q - select action, (/) - cycle Shift-Dir - straight line, f/p - large slime creature
Aim: a large slime creature (severely wounded, 85% to hit)
You shoot an arrow. The arrow hits the slime creature.
The slime creature is severely wounded.
You start to feel a little slower.
Fire: w) +0 shortbow
Press: ? - help, Q - select action, (/) - cycle Shift-Dir - straight line, f/p - large slime creature
Aim: a large slime creature (heavily wounded, 85% to hit)
You shoot an arrow.
The arrow barely misses the slime creature.
The arrow hits the large slime creature but does no damage.
The large slime creature is heavily wounded.
Fire: w) +0 shortbow
Press: ? - help, Q - select action, (/) - cycle Shift-Dir - straight line, f/p - large slime creature
Aim: a large slime creature (heavily wounded, 85% to hit)
You shoot an arrow.
The arrow hits the large slime creature.
The large slime creature is severely wounded.
Casting: Swiftness (dangerous; 7% risk of failure)
Confirm with . or Enter, or press ? or * to list all spells.
You conjure some foxfire!
You feel sluggish.
The foxfire hits the slime creature.
The slime creature is heavily wounded.
Two slime creatures merge to form a very large slime creature.
The very large slime creature attacks as you move away!
The very large slime creature hits you!!!
Ouch! That really hurt!
You die...

###### ###'### ...... #.....#
...... #.....# ...... #.....#
...... #.....# ...... #.....#
...... #.....# #############
#.J#### #####.......###.@#
....#.......#...v#
....'.......#....#
....#.......#....#
....#..[....#)...#.#
)...#.......#....#.# #.
....#.....#.#....#.# #.#
....#.....#.#....#.######.#
#####.......###'##........#######


You could see a very large slime creature (ally target).

Vanquished Creatures
  Sigmund (D:2)
  2 wyverns
  10 yaks (D:9)
  Grum (D:9)
  A steam dragon (D:8)
  Edmund (D:6)
  2 acid dragons (D:8)
  A water moccasin (D:6)
  5 ice beasts
  2 black bears
  2 orc warriors
  2 sky beasts
  3 ogres
  3 wolves (D:9)
  2 centaurs
  2 phantoms
  A kobold brigand (D:8)
  4 bullfrogs
  A necrophage (D:5)
  2 scorpions
  8 wights
  6 orc priests
  2 jellies (D:4)
  2 hounds
  A gnoll bouda (D:7)
  Ijyb (D:5)
  An iguana (D:7)
  7 orc wizards
  10 gnolls
  7 adders
  2 shadow imps
  3 adder zombies (D:3)
  31 orcs
  A bat (D:2)
  4 endoplasms
  5 giant cockroaches
  6 goblins
  6 hobgoblins
  3 jackals (D:2)
  12 kobolds
  3 quokkas (D:2)
  7 ball pythons
  A ball python zombie (D:3)
  7 frilled lizards
  4 rats
188 creatures vanquished.

Vanquished Creatures (others)
  18 foxfires (D:9)
  6 plants (D:7)
24 creatures vanquished.

Grand Total: 212 creatures vanquished

Notes
Turn   | Place    | Note
-------+----------+-------------------------------------------
     0 | D:1      | tizbic2 the Draconian Arcane Marksman began the quest for
                  | the Orb.
     0 | D:1      | Reached XP level 1. HP: 16/16 MP: 2/2
    95 | D:1      | Reached skill level 2 in Ranged Weapons
   175 | D:1      | Found Laegh's Magic Scroll Shoppe.
   251 | D:1      | Reached XP level 2. HP: 23/23 MP: 4/4
   453 | D:1      | Found Roucumac's Magic Scroll Boutique.
   883 | D:1      | Found Yjiuss's Weapon Shoppe.
  1119 | D:2      | Identified the +0 short sword "Risirosia" {vorpal, rF+ rN+
                  | Will-}
  1195 | D:2      | Noticed Sigmund
  1211 | D:2      | Gained mutation: You have a pair of small antennae on your
                  | head. [potion of mutation]
  1211 | D:2      | Gained mutation: You are somewhat resistant to further
                  | mutation. [potion of mutation]
  1250 | D:2      | Killed Sigmund
  1251 | D:2      | Reached skill level 4 in Ranged Weapons
  1251 | D:2      | Reached XP level 3. HP: 9/28 MP: 2/7
  1251 | D:2      | Reached XP level 4. HP: 11/35 MP: 2/8
  1251 | D:2      | Reached XP level 5. HP: 13/40 MP: 3/9
  1465 | D:2      | Found a faded altar of an unknown god.
  2085 | D:2      | Lost mutation: You are somewhat resistant to further
                  | mutation. [potion of mutation]
  2085 | D:2      | Lost mutation: You have a pair of small antennae on your
                  | head. [potion of mutation]
  2085 | D:2      | Gained mutation: You sometimes lose your temper in combat.
                  | [potion of mutation]
  2085 | D:2      | Lost mutation: You sometimes lose your temper in combat.
                  | [potion of mutation]
  2085 | D:2      | Gained mutation: You possess an exceptional clarity of
                  | mind. [potion of mutation]
  2386 | D:2      | Reached XP level 6. HP: 11/47 MP: 10/10
  2729 | D:3      | Reached skill level 5 in Ranged Weapons
  3077 | D:3      | Found a basalt altar of Yredelemnul.
  3447 | D:3      | Found a sparkling altar of Nemelex Xobeh.
  3850 | D:4      | Found a radiant altar of Vehumet.
  3922 | D:4      | Your scales start taking on a pale cyan-grey colour.
  3922 | D:4      | Reached XP level 7. HP: 49/52 MP: 12/12
  3922 | D:4      | Gained mutation: You are immune to the effects of steam.
                  | [Pale Draconian growth]
  4022 | D:4      | Reached skill level 6 in Ranged Weapons
  4485 | D:5      | Entered Level 5 of the Dungeon
  4591 | D:5      | Found a glowing golden altar of the Shining One.
  4594 | D:5      | Noticed a wyvern
  4605 | D:5      | Killed a wyvern
  4693 | D:4      | Became a worshipper of Vehumet
  4752 | D:5      | Found Ocotidgh's Armour Shoppe.
  4884 | D:5      | Noticed Ijyb
  4898 | D:5      | Killed Ijyb
  4899 | D:5      | Reached skill level 7 in Ranged Weapons
  4901 | D:5      | Identified the +2 ring mail of Siexif {Will+ Str+5}
  5028 | D:5      | Found a bloodstained altar of Trog.
  5037 | D:5      | Reached XP level 8. HP: 59/59 MP: 15/15
  5054 | D:5      | Reached skill level 5 in Spellcasting
  5283 | D:6      | Reached skill level 8 in Ranged Weapons
  5656 | D:6      | Reached * piety under Vehumet
  5656 | D:6      | Offered knowledge of Magic Dart by Vehumet.
  5659 | D:6      | Learned a level 1 spell: Magic Dart
  5674 | D:6      | Found a burning altar of Makhleb.
  5789 | D:6      | Reached skill level 9 in Ranged Weapons
  5789 | D:6      | Reached skill level 1 in Conjurations
  5789 | D:6      | Reached XP level 9. HP: 27/67 MP: 16/18
  5899 | D:6      | Noticed Edmund
  5914 | D:6      | Killed Edmund
  6561 | D:7      | Found a snail-covered altar of Cheibriados.
  6690 | D:7      | Found a staircase to the Ecumenical Temple.
  7330 | D:8      | Found a broken altar of Ashenzari.
  7557 | D:8      | Reached skill level 10 in Ranged Weapons
  7940 | D:8      | Found a shadowy altar of Dithmenos.
  7985 | D:8      | Learned a level 3 spell: Swiftness
  8020 | D:8      | Reached skill level 1 in Air Magic
  8196 | D:8      | Reached ** piety under Vehumet
  8229 | D:8      | Offered knowledge of Foxfire by Vehumet.
  8236 | D:8      | Learned a level 1 spell: Foxfire
  8480 | D:9      | Noticed Grum
  8484 | D:9      | Reached XP level 10. HP: 75/79 MP: 20/20
  8492 | D:9      | Killed Grum
  9130 | D:9      | Reached skill level 5 in Fighting
  9219 | D:9      | Demolished by a very large slime creature

Illustrated notes

Levels and vault maps discovered:
D:1:      dpeg_arrival_lava_temple_mockup, layout_loops_corners, serial_shops,
          nicolae_shop_waterfront, shop, shop, minmay_liquid_box
D:2:      layout_loops_corners, shapermc_ecumenical_altar_flowoftime,
          minmay_circle_x, uniq_sigmund
D:3:      layout_basic, nicolae_yredelemnul_corpse_copse,
          nemelex_diamond_rough_becter
D:4:      layout_loops_ring, nicolae_overflow_hidden_temple
D:5:      layout_basic, lemuel_doored_altar, amcnicky_altar_gilded,
          serial_shops, shop, uniq_ijyb
D:6:      minmay_klotski, layout_cave_pods, lightli_temple_of_fire, uniq_edmund
D:7:      layout_loops_corners, general_overflow_altar,
          mainiacjoe_overflow_chevrons, minmay_temple_entry_overgrown
D:8:      layout_gridville, mainiacjoe_overflow_cross_hatched, kennysheep_mini
D:9:      layout_stronghold, zin_treasury,
          kennysheep_orc_monster_closet_entryway, uniq_grum

Skill      XL: |  1  2  3  4  5  6  7  8  9 10 |
---------------+-------------------------------+-----
Ranged Weapons | 2 4 5 7 9 10 | 10.7
Spellcasting   | 2 3 4 6 7 |  7.4
Conjurations   | 1 3 4 |  4.4
Fighting       | 4 5 |  5.1
Air Magic      | 1 4 |  4.4
Dodging        | |  1.7
Hexes          | |  2.6

Action                   |  1- 3 |  4- 6 |  7- 9 | 10-12 || total
-------------------------+-------+-------+-------+-------++-------
Melee: Dagger            |    35 |     9 |     9 |       ||    53
       Tailslap          |     3 |    10 |     3 |     6 ||    22
       Short sword       |       |    62 |     5 |       ||    67
       Staff             |       |     7 |       |       ||     7
       Sling             |       |     3 |     1 |       ||     4
       Punch             |       |     1 |     1 |       ||     2
       Dire flail        |       |       |    20 |     8 ||    28
       Quarterstaff      |       |       |     4 |     9 ||    13
       Mace              |       |       |     3 |     5 ||     8
       Battleaxe         |       |       |       |     8 ||     8
 Fire: Sling             |    60 |   197 |    57 |       ||   314
       Shortbow          |       |       |    90 |     9 ||    99
 Cast: Slow              |     2 |     2 |     6 |     1 ||    11
       Magic Dart        |       |       |     8 |       ||     8
       Foxfire           |       |       |     2 |    10 ||    12
       Swiftness         |       |       |       |     2 ||     2
 Abil: Breathe Steam     |       |       |    62 |    12 ||    74
  Use: Potion            |     2 |     2 |     1 |     1 ||     6
       Scroll            |       |     9 |     6 |     1 ||    16
 Stab: Invisible         |     1 |       |       |       ||     1
Armor: Skin              |    16 |   118 |    89 |    25 ||   248
Dodge: Dodged            |    60 |   149 |   100 |    46 ||   355
